 Dungeon Crawl Stone Soup version 0.23-a0-619-g281719c (console) character file.

600 Duffy the Chopper (level 7, 0/62 HPs)
             Began as a Naga Fighter on Dec 22, 2018.
             Slain by a water moccasin zombie (3 damage)
             ... on level 5 of the Dungeon.
             The game lasted 00:02:56 (2242 turns).

Duffy the Chopper (Naga Fighter)                    Turns: 2242, Time: 00:02:57

Health: 0/62       AC:  5    Str: 18    XL:     7   Next: 41%
Magic:  7/7        EV:  7    Int: 11    God:
Gold:   76         SH:  9    Dex: 10    Spells: 6/6 levels left

rFire    . . .     SeeInvis +   a - +0 war axe
rCold    . . .     Gourm    .   c - +0 shield
rNeg     + . .     Faith    .   n - +0 ring mail
rPois    +         Spirit   .   (no helmet)
rElec    .         Reflect  .   (no cloak)
rCorr    .         Harm     .   (no gloves)
MR       .....                  (no barding)
Stlth    +.........             (no amulet)
HPRegen  0.20/turn              i - ring of positive energy
MPRegen  0.10/turn              j - ring of stealth

@: very slow
A: large, see invisible, deformed body, poison resistance, slowness 2, slow
metabolism 1, spit poison 1, AC +2
a: Spit Poison


You were on level 5 of the Dungeon.
You were hungry.

You visited 1 branch of the dungeon, and saw 7 of its levels.

You collected 76 gold pieces.

Inventory:

Hand Weapons
 a - a +0 war axe (weapon)
Armour
 b - a +0 scale mail
 c - a +0 shield (worn)
 n - a +0 ring mail (worn)
Jewellery
 i - a ring of positive energy (left hand)
 j - a ring of stealth (right hand)
Wands
 l - a wand of enslavement (4)
Scrolls
 e - 2 scrolls of identify {unknown}
 g - a scroll of immolation {unknown}
 h - 3 scrolls of amnesia {unknown}
 p - a scroll of silence {unknown}
 q - a scroll of enchant armour {unknown}
 s - 2 scrolls of teleportation {unknown}
Potions
 d - a potion of might
 k - a potion of berserk rage {unknown}
 m - a potion of mutation {unknown}
 o - a potion of brilliance {unknown}
 r - a potion of haste {unknown}
Comestibles
 f - a ration
 t - 2 chunks of flesh


   Skills:
 - Level 3.0 Fighting
 + Level 5.7 Axes
 - Level 2.4 Armour
 + Level 5.1 Shields


You had 6 spell levels left.
You didn't know any spells.
Your spell library was empty.

Dungeon Overview and Level Annotations

Branches:
Dungeon (7/15)
 Temple: D:4-7

Altars:


Innate Abilities, Weirdness & Mutations

You cannot wear boots.
Your serpentine skin is tough. (AC +2)
You have supernaturally acute eyesight. (SInv)
Armour fits poorly on your strangely shaped body.
Your system is resistant to poisons. (rPois)
You cover ground very slowly.
You have a slow metabolism.
You can spit poison.


Message History

The water moccasin zombie is severely damaged.
The water moccasin zombie closely misses you.
You closely miss the water moccasin zombie.
The water moccasin zombie is severely damaged.
You block the water moccasin zombie's attack.
The water moccasin zombie bites you.
You hit the water moccasin zombie.
The water moccasin zombie is severely damaged.
The water moccasin zombie barely misses you.
You barely miss the water moccasin zombie.
The water moccasin zombie is severely damaged.
You block the water moccasin zombie's attack.
The water moccasin zombie bites you.
You hit the water moccasin zombie but do no damage.
The water moccasin zombie is severely damaged.
You block the water moccasin zombie's attack.
You closely miss the water moccasin zombie.
The water moccasin zombie is severely damaged.
The water moccasin zombie bites you.
You die...

#.# #.#
###.#####.#######
#...............#
#......##.##.##.#
#......##)##.##.#
#.........##.....
###......##...###.#
#........##.#.# #.#
#@#...)..##.......#
#Z###########.#####
.## #.# .# ..# #.
### # # # ########
#.......


You could see a water moccasin zombie.

Vanquished Creatures
  A black bear (D:6)
  2 centaurs (D:5)
  3 scorpions
  An orc priest (D:5)
  An orc wizard (D:5)
  4 worker ants
  3 adders
  3 orcs
  2 bats
  2 giant cockroaches
  A goblin (D:3)
  2 hobgoblins (D:2)
  2 kobolds
  A frilled lizard (D:4)
  A quokka skeleton (D:4)
  2 rats
31 creatures vanquished.

Notes
Turn   | Place    | Note
-------+----------+-------------------------------------------
     0 | D:1      | Duffy the Naga Fighter began the quest for the Orb.
     0 | D:1      | Reached XP level 1. HP: 21/21 MP: 1/1
   126 | D:2      | Reached XP level 2. HP: 15/28 MP: 2/2
   282 | D:3      | Noticed an ogre
   528 | D:2      | Reached XP level 3. HP: 29/34 MP: 3/3
   796 | D:4      | Noticed a scorpion
   806 | D:4      | Killed a scorpion
   806 | D:4      | Reached XP level 4. HP: 3/42 MP: 4/4
  1193 | D:5      | Entered Level 5 of the Dungeon
  1300 | D:4      | Reached XP level 5. HP: 47/49 MP: 5/5
  1731 | D:5      | Noticed a centaur
  1737 | D:5      | Killed a centaur
  1737 | D:5      | Reached XP level 6. HP: 28/56 MP: 6/6
  1942 | D:6      | Noticed a black bear
  1955 | D:6      | Killed a black bear
  1955 | D:6      | Reached skill level 5 in Axes
  2026 | D:6      | Reached XP level 7. HP: 51/62 MP: 7/7
  2181 | D:5      | Reached skill level 5 in Shields
  2238 | D:5      | HP: 3/62 [water moccasin zombie (3)]
  2242 | D:5      | Slain by a water moccasin zombie

Vault maps used:
D:1:      psy_arrival_whirlpool
D:2:      okawaru_metal_pillars_1_2, uniq_natasha, uniq_sigmund
D:4:      grunt_temple_overflow_gold_and_silver, first_ration, uniq_edmund
D:5:      marbit_many_paths, lemuel_crystal_altar
D:6:      lightli_temple_of_fire, water_boxes_lemuel
D:7:      wander_guarded_unrand_ratskin, temple_doors_e, grunt_ogre_cave

Skill      XL: |  1  2  3  4  5  6  7 |
---------------+----------------------+-----
Shields        | 3 4 5 |  5.1
Axes           | 3 4 5 |  5.7
Fighting       | |  3.0
Armour         | |  2.4

Action                   |  1- 3 |  4- 6 |  7- 9 || total
-------------------------+-------+-------+-------++-------
Melee: War axe           |    47 |    60 |    29 ||   136
 Abil: Spit Poison       |     5 |    10 |     3 ||    18
  Eat: Chunk             |       |     2 |     1 ||     3
Armor: Scale mail        |    45 |     8 |       ||    53
       Ring mail         |       |    12 |     6 ||    18
Dodge: Dodged            |    16 |    16 |    10 ||    42
Block: Shield            |    38 |    36 |    19 ||    93

Table legend:
 A = Non-vault XP
 B = Vault XP
 C = Vault XP percentage of total XP
 D = Non-vault monster count
 E = Vault monster count
 F = Vault count percentage of total count
                 A         B        C        D         E       F
            +---------+---------+-------+---------+---------+-------
      Total |     858 |       0 |   0.0 |      31 |       0 |   0.0
            +---------+---------+-------+---------+---------+-------
        D:1 |       3 |       0 |   0.0 |       2 |       0 |   0.0
        D:2 |      38 |       0 |   0.0 |       8 |       0 |   0.0
        D:3 |       2 |       0 |   0.0 |       1 |       0 |   0.0
        D:4 |     196 |       0 |   0.0 |       9 |       0 |   0.0
        D:5 |     426 |       0 |   0.0 |       8 |       0 |   0.0
        D:6 |     193 |       0 |   0.0 |       3 |       0 |   0.0
            +---------+---------+-------+---------+---------+-------
